 Dungeon Crawl Stone Soup version 0.18-a0-1788-g92de1ac (webtiles) character file.

91 Duffy the Twirler (level 4, -6/36 HPs)
             Began as a Demigod Gladiator on Apr 20, 2016.
             Mangled by Wizbit's ghost (7 damage)
             ... on level 3 of the Dungeon.
             The game lasted 00:02:23 (1880 turns).

Duffy the Twirler (Demigod Gladiator)               Turns: 1880, Time: 00:02:24

Health: -6/36      AC: 10    Str: 20    XL:     4   Next: 12%
Magic:  6/6        EV:  3    Int: 12    God:
Gold:   95         SH:  0    Dex: 16    Spells: 0 memorised, 3 levels left

rFire  . . .     SeeInvis +     a - +0 quarterstaff
rCold  . . .     Gourm    .     o - +0 chain mail
rNeg   . . .     Faith    .     (shield currently unavailable)
rPois  .         Spirit   .     c - +0 helmet
rElec  .         Dismiss  .     h - +0 cloak
rCorr  .         Reflect  .     (no gloves)
SustAt +         Harm     .     (no boots)
MR     .....                    (no amulet)
Stlth  ..........               (no ring)
                                i - ring of see invisible

@: not resistant to hostile enchantments, extremely unstealthy
A: high mp 1, sustain attributes
a: no special abilities


You were on level 3 of the Dungeon.
You were not hungry.

You visited 1 branch of the dungeon, and saw 3 of its levels.

You collected 95 gold pieces.


Innate Abilities, Weirdness & Mutations

You have an increased reservoir of magic (+10% MP).
Your attributes are resistant to harm.


   Skills:
 - Level 1.7 Fighting
 + Level 4.7 Staves
 - Level 1.8 Throwing
 - Level 2.6 Dodging


You had 3 spell levels left.
You didn't know any spells.

Inventory:

Hand Weapons
 a - a +0 quarterstaff (weapon)
Missiles
 d - 3 throwing nets (quivered)
Armour
 c - a +0 helmet (worn)
 h - a +0 cloak (worn)
 o - a +0 chain mail (worn)
Jewellery
 i - a ring of see invisible (left hand)
Wands
 b - a wand of polymorph (9/24)
Scrolls
 e - a scroll of fog {unknown}
 g - 4 scrolls of magic mapping
 j - a scroll of remove curse
 k - 2 scrolls of teleportation
Potions
 l - a potion of curing
 p - 2 potions of haste
 r - 2 potions of brilliance
Comestibles
 f - 2 bread rations
 q - a slice of pizza

Dungeon Overview and Level Annotations

Branches:
Dungeon (3/15)

Annotations:
D:3 Wizbit's ghost, amateur DDFi


Message History

Wizbit's ghost (amateur Deep Dwarf Fighter) comes into view.
Wizbit's ghost turns its malevolent gaze towards you.
Wizbit's ghost keens inconsolably.
There is a stone staircase leading up here.
You sock Wizbit's ghost!
Wizbit's ghost is lightly damaged.
Wizbit's ghost closely misses you.
You hit Wizbit's ghost.
Wizbit's ghost is moderately damaged.
Wizbit's ghost hits you!
You hit Wizbit's ghost but do no damage.
Wizbit's ghost is moderately damaged.
Wizbit's ghost hits you!
You thump Wizbit's ghost!
Wizbit's ghost is heavily damaged.
Wizbit's ghost hits you but does no damage.
You barely miss Wizbit's ghost.
Wizbit's ghost is heavily damaged.
Wizbit's ghost hits you! Wizbit's ghost hits you.
You are too injured to fight recklessly!
You are too injured to fight recklessly!
You are too injured to fight recklessly!
You are too injured to fight recklessly!
You are too injured to fight recklessly!
You are too injured to fight recklessly!
You are too injured to fight recklessly!
You are too injured to fight recklessly!
You are too injured to fight recklessly!
You are too injured to fight recklessly!
You are too injured to fight recklessly!
You are too injured to fight recklessly!
You are too injured to fight recklessly!
You are too injured to fight recklessly!
Wizbit's ghost hits you!
You die...

#.......# #.......#
#.......# #...[...# ###
........+ .. ........# #.
........######.#######
..###................###
..# #.########..@.......
..###.########..W..#.###
.......................
......########.......##
.###### #.......#
.#############.......#####
...............#..........
.############..#..........
.# ##.#..........


You could see Wizbit's ghost.

Action                   |  1- 3 |  4- 6 || total
-------------------------+-------+-------++-------
Melee: Quarterstaff      |   136 |    19 ||   155
  Use: Scroll            |     8 |       ||     8
  Eat: Chunk             |     2 |     1 ||     3
Armor: Leather armour    |    10 |       ||    10
       Ring mail         |    14 |       ||    14
       Chain mail        |    44 |     9 ||    53
Dodge: Dodged            |    72 |     9 ||    81

Notes
Turn   | Place    | Note
--------------------------------------------------------------
     0 | D:1      | Duffy the Demigod Gladiator began the quest for the Orb.
     0 | D:1      | Reached XP level 1. HP: 17/17 MP: 3/3
   100 | D:1      | Reached skill level 3 in Staves
   227 | D:1      | Reached XP level 2. HP: 24/24 MP: 4/4
   742 | D:1      | Reached XP level 3. HP: 29/29 MP: 5/5
   884 | D:2      | Reached skill level 4 in Staves
  1042 | D:2      | Found a faded altar to an unknown god.
  1411 | D:2      | Noticed Ijyb
  1423 | D:2      | Killed Ijyb
  1423 | D:2      | Reached XP level 4. HP: 32/36 MP: 6/6
  1863 | D:3      | Noticed Wizbit's ghost (amateur DDFi)
  1880 | D:3      | Mangled by Wizbit's ghost

Vault maps used:
D:1:      dpeg_arrival_three_same_balls
D:2:      first_bread, ecumenical_altar_2, hex_medium, uniq_iyjb
D:3:      johnstein_pakellas_death_squad, lemuel_crystal_altar

Vanquished Creatures
  Ijyb
  A gnoll
  An ooze
  A worm
  2 giant geckos
  4 giant cockroaches
  7 goblins
  6 hobgoblins
  3 jackals
  A ball python
  6 bats
  3 giant newts
  2 kobolds
  9 rats
47 creatures vanquished.
